 Dungeon Crawl Stone Soup version 0.25-a0-163-g00f8f0cddd (webtiles) character file.

Game seed: 564248368597347743, levelgen mode: deterministic

1 Esberlond the Grave Robber (level 1, 13/19 HPs)
             Began as a Demonspawn Necromancer on Nov 22, 2019.
             Quit the game on level 1 of the Dungeon.
             The game lasted 00:04:56 (182 turns).

Esberlond the Grave Robber (Demonspawn Necromancer)  Turns: 182, Time: 00:04:56

Health: 13/19      AC: 20    Str:  8    XL:     1   Next: 16%
Magic:  3/3        EV:  2    Int: 16    God:
Gold:   0          SH:  0    Dex: 18    Spells: 3/4 levels left

rFire    . . .     SeeInvis .   f - +0 hand axe
rCold    . . .     Gourm    .   (no shield)
rNeg     + + +     Faith    .   (armour currently unavailable)
rPois    +         Spirit   .   (helmet currently unavailable)
rElec    .         Reflect  .   (cloak currently unavailable)
rCorr    .         Harm     .   (gloves currently unavailable)
MR       .....     NoTele   +   (boots currently unavailable)
Stlth    +++.......             (no amulet)
HPRegen  0.06/turn              h - ring of positive energy
MPRegen  0.08/turn              (no ring)

@: agile, tree-form
A: no striking features
a: no special abilities


You were on level 1 of the Dungeon.
You were full.
You were a tree.
You visited 1 branch of the dungeon, and saw 1 of its levels.

Inventory:

Hand Weapons
 e - a +0 mace
 f - a +0 hand axe (weapon)
Missiles
 d - 23 stones (quivered)
Armour
 a - a +0 robe (melded)
 b - a +0 scale mail
Jewellery
 h - a ring of positive energy (left branch)
Comestibles
 c - a ration


   Skills:
 + Level 1.7 Dodging
 + Level 1.7 Stealth
 + Level 2.0 Spellcasting
 + Level 4.4 Necromancy


You had 3 spell levels left.
You knew the following spells:

 Your Spells              Type           Power        Failure   Level  Hunger
a - Pain                  Necr           ###.         3%          1    #......

Your spell library contained the following spells:

 Spells                   Type           Power        Failure   Level  Hunger
 Animate Skeleton         Necr           N/A          3%          1    #......
 Vampiric Draining        Necr           ###.......   10%         3    ###....
 Regeneration             Chrm/Necr      #.........   26%         3    ###....
 Animate Dead             Necr           N/A          32%         4    #####..


Dungeon Overview and Level Annotations

Branches:
Dungeon (1/15)

Altars:


Message History

You don't know that spell.
Casting: Pain (safe; 3% risk of failure)
Confirm with . or Enter, or press ? or * to list all spells.
You can't see any susceptible monsters within range! (Use Z to cast anyway.)
Casting: Pain (safe; 3% risk of failure)
Confirm with . or Enter, or press ? or * to list all spells.
You can't see any susceptible monsters within range! (Use Z to cast anyway.)
Press: ? - help, v - describe, . - travel The floor.
You cannot move.
You cannot move.
You cannot move.
Unknown command.
Unknown command.
Unknown command.
Unknown command.
Okay, then.
Welcome back, Esberlond the Demonspawn Necromancer.
Press ? for a list of commands and other information.
Are you sure you want to abandon this character and quit the game? (Confirm with "yes".)

.......#....#.#≈#.#.....#
.........#.###≈###......
........................
####............#####..
#...........## ##.
#...######### #. #...# #.
#...######## ##
#..♣........ #.
#........... #.
#........... #.
#........... #.
#........... #.
###......... #.
#......... #. #.........
#. #.


There were no monsters in sight!

Vanquished Creatures
  A kobold (D:1)
1 creature vanquished.

Notes
Turn   | Place    | Note
-------+----------+-------------------------------------------
     0 | D:1      | Esberlond the Demonspawn Necromancer began the quest for
                  | the Orb.
     0 | D:1      | Reached XP level 1. HP: 13/13 MP: 3/3
   182 | D:1      | Quit the game

Levels and vault maps discovered:
D:1:      dpeg_arrival_fog, layout_basic, grunt_decor_cap

Action                   || total
-------------------------++-------
Melee: Hand axe          ||     5
Throw: Stone             ||     2
  Use: Potion            ||     4
       Scroll            ||     1
 Stab: Sleeping          ||     1
  Eat: Ration            ||     1
Dodge: Dodged            ||     3

Table legend:
 A = Non-vault XP
 B = Vault XP
 C = Vault XP percentage of total XP
 D = Non-vault monster count
 E = Vault monster count
 F = Vault count percentage of total count
                 A         B        C        D         E       F
            +---------+---------+-------+---------+---------+-------
      Total |       2 |       0 |   0.0 |       1 |       0 |   0.0
            +---------+---------+-------+---------+---------+-------
        D:1 |       2 |       0 |   0.0 |       1 |       0 |   0.0
            +---------+---------+-------+---------+---------+-------
